Map: Jagannatha LE

Players

Serral - Winner!

  • Race: Zerg Zerg

Clem

  • Race: Terran Terran

Event: DreamHack SC2 Masters 2021 Winter

VOD

Have the link to the VOD?

Description

Time

  • Played on: Oct. 17, 2021, 1:42 p.m.
  • Length: 18:04

All games in this series

Show
View Real Time Build Order
Export as new Build Order

Serral Zerg - Winner!

Build Orders: Hatch First, Lurkers 

Get SALT Encoding   

  12  0:00  Drone  
  13  0:12  Overlord  
  13  0:17  Drone  
  14  0:30  Drone x2  
  16  0:48  Hatchery  
  15  0:52  Drone  
  15  0:55  Drone  
  17  0:58  Drone  
  18  1:09  Extractor  
  17  1:13  Spawning Pool  
  17  1:16  Drone  
  17  1:20  Drone  
  18  1:27  Drone  
  19  1:38  Drone  
  20  1:49  Drone  
  21  2:00  Queen x2  
  21  2:01  Zergling x4  
  27  2:10  Overlord  
  27  2:11  Drone  
  28  2:25  Hatchery  
  28  2:29  Drone  
  28  2:31  Drone  
  29  2:37  Drone x2  
  29  2:41  Metabolic Boost  
  31  2:48  Queen  
  32  2:52  Overlord  
  32  2:56  Drone  
  32  2:57  Drone  
  34  2:59  Drone  
  35  3:08  Overlord  
  35  3:12  Drone  
  36  3:13  Drone x3  
  36  3:18  Queen  
  41  3:20  Drone  
  41  3:23  Zergling x2  
  43  3:28  Queen  
  43  3:33  Drone x2  
  47  3:38  Queen  
  49  3:41  Drone  
  49  3:42  Drone  
  49  3:44  Overlord  
  49  3:47  Zergling x2  
  49  3:48  Zergling x2  
  53  3:49  Drone  
  53  3:52  Drone x2  
  56  4:01  Queen  
  58  4:04  Drone, Queen  
  58  4:08  Zergling x4  
  63  4:10  Overlord  
  63  4:14  Queen  
  65  4:18  Overlord  
  65  4:26  Overlord  
  65  4:32  Zergling x6  
  65  4:33  Drone  
  65  4:34  Drone x4  
  65  4:35  Overlord  
  65  4:36  Drone  
  65  4:38  Drone x2  
  76  4:43  Extractor, Overlord  
  75  4:47  Drone  
  75  4:48  Evolution Chamber  
  75  4:49  Evolution Chamber  
  75  4:50  Drone x2  
  76  4:55  Drone  
  76  4:56  Overlord  
  76  4:57  Drone  
  78  5:04  Drone x3  
  78  5:06  Drone x2  
  81  5:14  Zerg Melee Weapons Level 1  
  81  5:15  Zerg Ground Armor Level 1  
  81  5:17  Hatchery  
  81  5:18  Drone  
  81  5:22  Drone, Extractor  
  81  5:23  Extractor  
  81  5:24  Lair  
  80  5:29  Drone, Baneling Nest  
  80  5:30  Drone  
  80  5:32  Drone  
  80  5:33  Drone, Spore Crawler  
  80  5:35  Drone x2  
  84  5:37  Drone x2  
  84  5:39  Drone  
  87  5:43  Overlord  
  87  5:44  Zergling x2  
  87  5:45  Zergling x2  
  87  5:49  Zergling x2  
  90  5:54  Zergling x2  
  90  5:55  Zergling x2  
  90  5:56  Drone  
  93  5:58  Zergling x10  
  98  6:07  Zergling x6  
  101  6:17  Drone x2  
  101  6:18  Zergling x6  
  106  6:20  Baneling x6  
  106  6:21  Baneling x3  
  106  6:22  Baneling x2, Centrifugal Hooks  
  106  6:24  Zergling x14  
  113  6:29  Queen  
  113  6:31  Zergling x4  
  117  6:33  Baneling  
  117  6:34  Baneling x2  
  117  6:38  Drone x3  
  117  6:39  Overlord x3  
  120  6:44  Overlord  
  119  6:49  Overlord  
  116  6:55  Zergling x8  
  116  7:00  Zergling x12  
  126  7:07  Drone  
  126  7:08  Drone x2  
  129  7:09  Drone  
  129  7:11  Hatchery  
  129  7:12  Zergling x8  
  129  7:14  Zerg Ground Armor Level 2, Zerg Melee Weapons Level 2  
  133  7:18  Drone x2  
  133  7:22  Drone x2  
  137  7:27  Drone, Spore Crawler  
  137  7:30  Baneling  
  137  7:31  Baneling x6  
  137  7:32  Burrow  
  137  7:35  Drone  
  137  7:36  Overlord  
  138  7:38  Zergling x14  
  139  7:44  Zergling x12  
  139  7:46  Hatchery  
  139  7:47  Drone  
  145  7:52  Drone x2, Spore Crawler  
  145  7:54  Zergling x2  
  145  7:57  Zergling x4  
  148  7:59  Zergling x2  
  148  8:04  Infestation Pit  
  148  8:05  Zergling x8  
  151  8:13  Zergling x8  
  151  8:20  Zergling x6  
  151  8:22  Extractor x2  
  151  8:26  Baneling x4  
  151  8:27  Baneling x2, Zergling x8  
  149  8:28  Drone  
  149  8:29  Drone x6  
  149  8:33  Hydralisk Den, Zergling x4  
  161  8:38  Zergling x12  
  161  8:41  Pneumatized Carapace, Overseer, Baneling x2  
  166  8:45  Zergling x4  
  165  8:49  Zergling x6  
  165  8:52  Zergling x12  
  165  8:55  Hive  
  172  9:00  Zergling x2  
  172  9:01  Zergling x8  
  172  9:02  Baneling x2  
  177  9:07  Zergling x4, Muscular Augments  
  177  9:09  Zergling x4  
  179  9:11  Lurker Den, Overlord  
  179  9:13  Overlord  
  179  9:15  Overlord  
  178  9:18  Overlord  
  178  9:22  Baneling x7  
  177  9:30  Zerg Missile Weapons Level 1  
  166  9:35  Zergling x20  
  166  9:36  Zergling x18  
  169  9:48  Hydralisk x2  
  169  9:49  Hydralisk x3  
  169  9:50  Zergling x14  
  183  9:55  Zergling x14  
  183  9:56  Spore Crawler  
  188  10:01  Extractor  
  188  10:02  Baneling x10, Extractor  
  188  10:03  Drone x2  
  188  10:04  Drone x4  
  188  10:05  Drone x2  
  188  10:06  Baneling x2  
  188  10:07  Baneling x7  
  193  10:09  Adaptive Talons  
  191  10:15  Zergling x14  
  191  10:17  Zergling x6  
  180  10:21  Zergling x8  
  180  10:22  Zergling x2  
  182  10:30  Drone x3  
  182  10:31  Extractor  
  182  10:33  Extractor  
  182  10:34  Viper x2  
  182  10:35  Overlord  
  189  10:36  Zergling x10  
  194  10:46  Adrenal Glands  
  191  11:02  Hatchery  
  191  11:03  Overseer  
  191  11:04  Baneling x13  
  190  11:05  Zergling x10  
  197  11:11  Hatchery, Lurker x3  
  197  11:18  Seismic Spines  
  197  11:27  Zerg Ground Armor Level 3  
  187  11:34  Zerg Missile Weapons Level 2  
  187  11:36  Zergling x24  
  199  11:40  Overseer  
  199  11:42  Overseer  
  199  11:46  Drone  
  200  11:47  Nydus Network  
  200  11:51  Nydus Network  
  200  11:53  Drone x2  
  200  11:56  Baneling x2  
  188  12:15  Zergling x10  
  188  12:16  Zergling x6  
  194  12:29  Drone x5  
  185  12:42  Zergling x24  
  172  12:46  Baneling x2  
  172  12:49  Hydralisk x7  
  172  12:50  Zergling x8  
  172  12:51  Zergling x40  
  200  12:57  Spore Crawler  
  199  13:02  Baneling x8  
  199  13:08  Overseer  
  199  13:21  Overseer  
  199  13:26  Lurker x6  
  199  13:27  Lurker x2  
  197  13:32  Nydus Canal x2  
  194  13:34  Zergling x12  
  194  13:36  Baneling x10  
  172  13:50  Zerg Melee Weapons Level 3  
  172  13:51  Hydralisk x3  
  172  13:52  Hydralisk, Zergling x8  
  172  13:53  Zergling x22  
  169  13:57  Zergling x40  
  175  14:08  Zergling x12  
  176  14:14  Overlord x2  
  176  14:15  Overseer x2  
  176  14:18  Lurker x4  
  176  14:20  Zerg Missile Weapons Level 3  
  176  14:23  Drone  
  180  14:27  Zergling x22  
  191  14:31  Baneling x15  
  191  14:43  Zergling x26  
  186  14:48  Baneling x2  
  186  14:52  Zergling x22  
  193  15:12  Zergling x12  
  193  15:13  Zergling x26  
  169  15:23  Zergling x34  
  175  15:30  Hydralisk x5  
  175  15:35  Baneling x11  
  179  15:38  Hydralisk x2  
  182  15:46  Hydralisk x4  
  182  15:47  Hydralisk  
  191  15:55  Baneling x6  
  191  15:56  Zergling x16  
  193  16:10  Zergling x34  
  188  16:14  Overseer  
  188  16:15  Lurker x4  
  191  16:23  Overlord  
  191  16:24  Overseer  
  191  16:25  Baneling x5  
  189  16:26  Lurker x4  
  184  16:33  Zergling x4  
  184  16:39  Baneling x2  
  177  16:40  Lurker x4  
  177  16:42  Zergling x32  
  192  16:58  Zergling x14  
  192  17:00  Hatchery  
  181  17:11  Zergling x2  
  181  17:12  Zergling x30  
  151  17:28  Zergling x24  
  160  17:32  Baneling x7  
  160  17:33  Baneling  
  160  17:35  Zergling x6  
  160  17:36  Zergling x2  
Show
View Real Time Build Order
Export as new Build Order

Clem Terran 

Build Orders: Reaper Expand 

Get SALT Encoding   

  12  0:01  SCV  
  13  0:13  SCV  
  14  0:17  Supply Depot  
  14  0:25  SCV  
  15  0:38  SCV  
  15  0:39  Barracks  
  16  0:44  Refinery  
  16  0:50  SCV  
  17  1:02  SCV  
  18  1:14  SCV  
  19  1:27  Reaper, Orbital Command  
  20  1:40  Command Center  
  20  1:48  Supply Depot  
  20  1:52  SCV  
  21  1:59  Marine  
  22  2:04  SCV  
  23  2:11  Factory  
  23  2:16  SCV  
  23  2:21  Barracks Reactor  
  24  2:28  SCV  
  25  2:41  Command Center  
  25  2:42  SCV  
  26  2:52  Orbital Command  
  26  2:54  SCV  
  27  3:01  Starport  
  27  3:06  Hellion  
  27  3:11  Hellion  
  31  3:14  SCV  
  31  3:18  SCV, Barracks Tech Lab  
  33  3:26  SCV  
  34  3:28  Hellion  
  34  3:31  SCV  
  34  3:32  Hellion  
  39  3:38  SCV  
  40  3:45  Medivac  
  40  3:46  SCV  
  40  3:47  Barracks  
  43  3:49  Barracks  
  43  3:52  SCV  
  46  3:58  Orbital Command  
  46  4:00  SCV  
  45  4:03  Refinery, Marine  
  45  4:04  SCV  
  47  4:12  SCV  
  47  4:14  Supply Depot  
  47  4:16  SCV  
  49  4:17  Refinery  
  49  4:21  Marine  
  49  4:22  Stimpack  
  50  4:25  SCV x2  
  50  4:28  SCV  
  53  4:37  SCV  
  53  4:38  Barracks Reactor, Marine  
  54  4:39  SCV  
  54  4:42  Supply Depot  
  54  4:43  SCV  
  54  4:44  Marine x2  
  59  4:49  SCV  
  59  4:50  Factory Reactor  
  59  4:51  Supply Depot  
  59  4:52  SCV  
  61  4:55  SCV  
  61  4:56  Marine  
  61  4:59  Supply Depot  
  63  5:02  Engineering Bay, Marine x2  
  63  5:03  Engineering Bay  
  63  5:05  SCV  
  66  5:10  SCV, Orbital Command  
  67  5:14  Marine x2  
  67  5:15  Marine  
  67  5:16  Refinery  
  67  5:17  SCV  
  67  5:19  Supply Depot x2  
  71  5:21  Armory  
  71  5:22  SCV  
  71  5:24  Marine x2  
  74  5:29  SCV  
  74  5:32  Marine  
  74  5:34  SCV, Terran Infantry Weapons Level 1, Terran Infantry Armor Level 1  
  77  5:36  Factory Tech Lab  
  77  5:37  SCV  
  77  5:38  Marine x2  
  80  5:43  Supply Depot, Marine  
  80  5:45  Medivac  
  80  5:46  Medivac  
  80  5:48  SCV  
  80  5:49  SCV  
  87  5:50  SCV  
  88  5:58  Marine  
  88  5:59  Supply Depot  
  88  6:00  Marine x2  
  88  6:01  Combat Shield  
  88  6:03  SCV x3  
  94  6:06  Supply Depot  
  94  6:08  Siege Tank  
  94  6:09  Marine  
  98  6:11  Marine  
  98  6:12  Hellion x4  
  98  6:13  Supply Depot  
  98  6:15  SCV  
  99  6:18  Barracks  
  99  6:22  Marine, Barracks  
  99  6:23  Marine x2  
  99  6:25  SCV x2  
  104  6:28  SCV  
  104  6:31  Supply Depot  
  105  6:35  Supply Depot  
  105  6:37  SCV  
  105  6:38  Medivac x2  
  110  6:41  Supply Depot  
  110  6:42  Siege Tank, Marine  
  114  6:47  SCV, Refinery  
  114  6:48  SCV  
  114  6:54  Marine x2  
  114  6:55  Supply Depot  
  114  6:58  Supply Depot, Marine  
  117  7:03  Factory, SCV  
  117  7:05  Marine  
  117  7:07  Barracks Reactor  
  115  7:14  SCV x2  
  115  7:15  SCV  
  118  7:16  Command Center  
  118  7:18  Siege Tank  
  118  7:22  Barracks Reactor  
  121  7:25  Marine  
  121  7:27  SCV x3, Marine  
  121  7:28  Marine  
  121  7:29  Marine  
  126  7:30  Marine  
  126  7:32  Terran Infantry Weapons Level 2  
  126  7:36  Terran Infantry Armor Level 2  
  127  7:39  SCV  
  127  7:43  Marine x3  
  130  7:45  Marine  
  130  7:46  Factory Reactor  
  130  7:47  Medivac  
  130  7:49  Factory Tech Lab  
  133  7:52  Medivac  
  133  7:53  Marine  
  133  7:54  Marine x2  
  136  7:58  Marine  
  136  7:59  Marine  
  136  8:00  Marine  
  136  8:01  Marine  
  136  8:04  Terran Vehicle Weapons Level 1, Marine x2  
  136  8:05  Refinery  
  141  8:08  Siege Tank  
  141  8:11  Marine  
  141  8:12  Marine x2  
  144  8:15  Supply Depot  
  144  8:16  Marine  
  144  8:18  Marine  
  148  8:20  Marine  
  148  8:23  SCV x2  
  148  8:24  SCV  
  148  8:26  Marine x2  
  148  8:27  Marine  
  147  8:30  Marine  
  147  8:31  Marine x2  
  147  8:32  Siege Tank  
  155  8:38  Barracks  
  155  8:39  Barracks  
  155  8:40  Siege Tank, Barracks  
  157  8:42  SCV  
  157  8:47  SCV  
  150  8:52  Marine x2  
  150  8:53  Marine  
  151  8:57  Medivac x2, Marine x2  
  151  8:58  Marine  
  151  9:02  SCV x2  
  160  9:04  Siege Tank, Planetary Fortress  
  160  9:07  Marine  
  160  9:09  SCV  
  165  9:12  Siege Tank, Marine x2  
  165  9:14  SCV  
  165  9:17  Refinery x2  
  171  9:20  Marauder, Marine x2  
  175  9:27  Marine  
  175  9:28  Marine  
  172  9:36  Siege Tank  
  172  9:37  Marine x2  
  152  9:40  Marine x2  
  152  9:42  Marauder  
  152  9:45  Siege Tank  
  159  9:46  Marine x2  
  159  9:49  Medivac, Marine  
  164  9:55  Command Center  
  164  9:57  Sensor Tower  
  164  9:58  Marine x2  
  164  9:59  Marine x3  
  169  10:03  Marauder, Terran Infantry Weapons Level 3  
  169  10:05  Barracks Tech Lab x3  
  171  10:08  Siege Tank  
  174  10:17  Marine x4  
  174  10:19  Siege Tank, Marine x2  
  147  10:22  Marine x2  
  147  10:25  Marauder  
  145  10:29  SCV x3  
  145  10:30  Marauder x2  
  145  10:31  Marauder  
  145  10:34  Marine, Terran Infantry Armor Level 3  
  145  10:35  Marine x3  
  158  10:37  Marine  
  158  10:40  Siege Tank  
  162  10:45  Command Center  
  162  10:46  Marauder  
  162  10:47  Concussive Shells  
  164  10:51  Marauder x2, Siege Tank  
  164  10:52  Marauder, Marine x2  
  164  10:57  Ghost Academy  
  164  10:58  Terran Vehicle Weapons Level 2  
  164  11:03  SCV  
  165  11:08  Missile Turret  
  165  11:09  SCV x2  
  165  11:10  Marauder, Marine  
  170  11:12  Siege Tank  
  170  11:13  Refinery  
  170  11:14  Refinery  
  173  11:22  Marauder, Missile Turret  
  173  11:23  Missile Turret  
  173  11:24  Marine x2  
  177  11:26  SCV  
  177  11:27  SCV x2  
  177  11:29  Sensor Tower  
  177  11:32  Ghost  
  181  11:40  Missile Turret  
  181  11:41  Missile Turret, Planetary Fortress, Command Center, Ghost x2  
  185  11:47  Ghost  
  185  11:48  SCV  
  188  11:56  Siege Tank  
  188  12:00  Siege Tank, Ghost  
  196  12:10  Ghost x2  
  197  12:15  Ghost  
  199  12:23  Command Center  
  199  12:24  Missile Turret  
  199  12:30  Missile Turret  
  199  12:32  Missile Turret  
  198  12:38  Medivac  
  198  12:40  Marine, Ghost x3  
  198  12:41  Marine  
  198  12:42  Siege Tank, Marine x2  
  181  12:44  Marine x3  
  181  12:45  Siege Tank  
  181  12:47  Medivac  
  181  12:51  Ghost  
  181  12:52  Marine  
  181  12:53  Missile Turret  
  181  12:54  Orbital Command  
  184  12:58  Marine  
  184  12:59  SCV  
  184  13:01  SCV  
  187  13:06  Marine  
  187  13:08  Ghost x2  
  192  13:14  Marauder, Missile Turret, Siege Tank, Marine x2  
  192  13:15  Refinery, Marine  
  192  13:16  Refinery  
  200  13:26  Marine, Ghost  
  200  13:27  Marine  
  195  13:28  Siege Tank, Marine  
  195  13:33  Missile Turret  
  200  13:40  Refinery  
  197  13:47  Siege Tank  
  165  13:56  SCV x2  
  165  13:57  Marine x2  
  165  13:58  Marauder x2  
  165  13:59  SCV, Marine  
  165  14:00  Siege Tank  
  165  14:02  Marine x3  
  174  14:03  Marine  
  174  14:04  SCV, Marine  
  174  14:06  Marine  
  174  14:07  SCV  
  174  14:08  SCV  
  178  14:13  Missile Turret  
  178  14:15  Ghost  
  177  14:17  Marine x2  
  177  14:19  Siege Tank  
  177  14:20  SCV  
  183  14:24  Planetary Fortress  
  183  14:32  Siege Tank, Orbital Command  
  179  14:46  Marauder, Marine x2  
  179  14:50  SCV  
  179  14:51  SCV, Siege Tank  
  179  14:52  Missile Turret  
  188  14:56  SCV x2  
  188  14:59  SCV  
  191  15:01  SCV  
  191  15:02  SCV  
  191  15:04  Siege Tank  
  195  15:08  Missile Turret  
  189  15:14  Marine  
  189  15:15  Marine  
  189  15:16  SCV  
  189  15:18  SCV x2  
  188  15:21  SCV  
  182  15:29  Siege Tank, Marine  
  182  15:30  Marine  
  182  15:31  Marine x2  
  182  15:32  Marauder  
  182  15:33  SCV  
  190  15:37  Orbital Command  
  190  15:39  Missile Turret  
  190  15:42  SCV  
  191  15:43  Siege Tank  
  191  15:47  Viking x2  
  198  15:53  Refinery  
  198  15:56  Command Center  
  198  15:58  Missile Turret  
  198  16:06  SCV  
  198  16:07  SCV  
  198  16:08  SCV  
  194  16:12  Marine  
  194  16:13  Marine  
  194  16:14  Orbital Command  
  194  16:15  SCV  
  194  16:17  Medivac  
  194  16:25  Orbital Command  
  194  16:26  Siege Tank  
  194  16:30  Siege Tank  
  200  16:35  Marauder, Marine x3  
  200  16:38  SCV  
  189  16:41  SCV  
  189  16:43  SCV  
  189  16:45  SCV  
  190  16:51  SCV  
  191  16:58  Marine  
  191  16:59  SCV  
  191  17:00  SCV  
  186  17:10  Medivac  
  186  17:14  Marauder  
  142  17:17  Siege Tank, Marine x3  
  142  17:20  Marine  
  142  17:21  Marine x2  
  135  17:23  Marine  
  135  17:26  Siege Tank  
  135  17:27  Marauder, Marine x2  
  143  17:31  Marauder  
  143  17:32  SCV x2  
  143  17:34  Marine  
  148  17:38  Missile Turret  
  148  17:41  Marauder  

Tags
 
Add a new tag
Caveats
  • Supply blocks, unpowered buildings, or Contaminate may cause inaccurate times.
  • Supply counts are checked every 10 seconds.